 Dungeon Crawl Stone Soup version 0.31.0-11-ge490571c62 (webtiles) character file.

Game seed: 17752197290921783394

244883 Aviak the Warrior (level 18, -2/139 (151) HPs)
             Began as a Demonspawn Summoner on Jan 26, 2024.
             Was the Champion of Jiyva.
             Slain by a tentacle (22 damage)
             ... attached to a kraken
             ... on level 4 of the Shoals.
             The game lasted 01:58:51 (32056 turns).

Aviak the Warrior (Demonspawn Summoner)            Turns: 32056, Time: 01:58:52

HP:   -2/139 (151)  AC: 14    Str: 18    XL:     18   Next: 46%
MP:   39/39         EV: 12    Int: 30    God:    Jiyva [******]
Gold: 1441          SH: 13    Dex: 10    Spells: 26/45 levels left

rFire   + + .        Q - +7 broad axe "Vujuev" {flame, rPois}
rCold   + + .        A - +0 buckler {rC+}
rNeg    . . .        i - +1 scale mail of Tuonuh {rPois rF++ Str-3 Int+3}
rPois   +            l - +0 helmet
rElec   +            M - +2 cloak {rPois}
rCorr   +            (gloves unavailable)
SInv    .            e - +1 pair of boots of a ziggurat {rElec rPois Slay+3}
Will    ++...        r - amulet of regeneration
Stlth   ++           q - +6 ring of strength
HPRegen 2.83/turn    C - ring of protection from cold
MPRegen 1.06/turn

%: no passive effects
@: drained
A: claws 3, large bone plates 3, foul stench 1, augmentation 1, demonic magic 3,
talons 2, clever 1, high MP 1, strong-willed 1, sense surroundings 1, poison
resistance, strong 2, pseudopods 1, jelly sensing items
}: 2/15 runes: slimy, gossamer
a: Renounce Religion, Oozemancy, Slimify


You were on level 4 of the Shoals.
You worshipped Jiyva.
Jiyva was exalted by your worship.
You visited 7 branches of the dungeon, and saw 36 of its levels.
You also visited: Ossuary, Gauntlet and Ice Cave.

You collected 3149 gold pieces.
You spent 1708 gold pieces at shops.

Inventory:

Hand Weapons
 v - a +0 vampiric demon trident {!w}
 Q - the +7 broad axe "Vujuev" (weapon) {flame, rPois}
   (You found it on level 5 of the Lair of Beasts)

   rPois:     It protects you from poison
Armour
 e - the +1 pair of boots of a ziggurat (worn) {rElec rPois Slay+3}
   (You acquired it on level 9 of the Dungeon)

   Slay+3:    It affects your accuracy & damage with ranged weapons and melee
   (+3).
   rElec:     It insulates you from electricity.
   rPois:     It protects you from poison
 i - the +1 scale mail of Tuonuh (worn) {rPois rF++ Str-3 Int+3}
   (You bought it in a shop on level 2 of the Orcish Mines)

   Str-3:     It affects your strength (-3).
   Int+3:     It affects your intelligence (+3).
   rF++:      It greatly protects you from fire.
   rPois:     It protects you from poison
 l - a +0 helmet (worn)
 A - a +0 buckler of cold resistance (worn)
 G - the +8 chain mail "Sytrak" {Str+4 Dex+2}
   (You found it on level 4 of the Lair of Beasts)

   Str+4:     It affects your strength (+4).
   Dex+2:     It affects your dexterity (+2).
 M - a +2 cloak of poison resistance (worn)
 V - a +2 buckler of protection
Jewellery
 d - the amulet "Fablifeng" {RegenMP Int+3}
   (You found it on level 4 of the Shoals)

   [amulet of magic regeneration]

   RegenMP:   It increases your rate of magic regeneration.
   Int+3:     It affects your intelligence (+3).
 g - a ring of wizardry
 h - a ring of positive energy
 q - a +6 ring of strength (left claw)
 r - an amulet of regeneration (around neck)
 C - a ring of protection from cold (right claw)
 W - a +6 ring of intelligence
Wands
 F - a wand of flame (21)
 I - a wand of quicksilver (1)
 J - a wand of charming (15)
 Y - a wand of digging (3)
Scrolls
 a - 3 scrolls of silence {!r}
 s - 5 scrolls of revelation
 t - a scroll of teleportation
 w - 6 scrolls of amnesia
 y - 3 scrolls of immolation
 z - 2 scrolls of enchant armour
 B - 5 scrolls of enchant weapon
 D - a scroll of butterflies
 H - 3 scrolls of poison
 N - 2 scrolls of brand weapon
 R - 3 scrolls of vulnerability {!r}
 T - 3 scrolls of fog
Potions
 b - 6 potions of magic
 c - 2 potions of curing
 f - 7 potions of haste
 j - 4 potions of attraction
 k - a potion of berserk rage {unknown}
 m - a potion of brilliance
 n - 3 potions of degeneration {unknown}
 o - 3 potions of might {unknown}
 u - 8 potions of mutation {!q}
 E - 3 potions of enlightenment {unknown}
 O - 4 potions of cancellation {unknown}
 S - 5 potions of invisibility {unknown}
 Z - a potion of resistance {unknown}
Miscellaneous
 p - a phial of floods
 K - a lightning rod (4/4)
 L - a phantom mirror
 X - a condenser vane (inert)


   Skills:
 - Level 16.0 Fighting
 - Level 7.7 Short Blades
 * Level 15.6 Axes
 - Level 10.0 Armour
 - Level 9.3 Dodging
 - Level 8.0 Stealth
 - Level 8.0 Shields
 - Level 14.0 Spellcasting
 - Level 7.0 Summonings
 + Level 3.8 Necromancy
 - Level 5.0 Air Magic
 + Level 5.3 Earth Magic
 - Level 4.0 Evocations
 - Level 2.0 Shapeshifting


You had 26 spell levels left.
You knew the following spells:

 Your Spells              Type           Power      Damage    Failure   Level
a - Summon Small Mammal   Summ           100%       N/A       1%          1
b - Call Imp              Summ           100%       N/A       1%          2
c - Call Canine Familiar  Summ           58%        N/A       1%          3
d - Summon Lightning Spi  Summ/Air       54%        N/A       6%          4
e - Kiss of Death         Conj/Necr      100%       2d13      3%          1
f - Fugue of the Fallen   Necr           44%        N/A       4%          3
w - Borgnjor's Vile Clut  Necr/Erth      24%        N/A       30%         5

Your spell library contained the following spells:

 Spells                   Type           Power      Damage    Failure   Level
 Sublimation of Blood     Necr           44%        N/A       2%          2
 Passwall                 Erth           52%        N/A       2%          3
 Swiftness                Air            50%        N/A       2%          3
 Mercury Vapours          Alch/Air       72%        N/A       3%          2
 Summon Ice Beast         Ice/Summ       42%        N/A       4%          3
 Vampiric Draining        Necr           44%        2d9       4%          3
 Freeze                   Ice            84%        1d9       7%          1
 Slow                     Hex            84%        N/A       7%          1
 Sting                    Conj/Alch      84%        1d8       7%          1
 Ensorcelled Hibernation  Hex/Ice        42%        N/A       11%         2
 Animate Dead             Necr           44%        N/A       14%         4
 Dispel Undead            Necr           44%        3d17      14%         4
 Summon Blazeheart Golem  Fire/Summ      42%        N/A       17%         4
 Confusing Touch          Hex            21%        N/A       22%         3
 Frozen Ramparts          Ice            42%        1d7       22%         3
 Hailstorm                Conj/Ice       21%        3d7       22%         3
 Sigil of Binding         Hex            21%        N/A       22%         3
 Lee's Rapid Deconstruct  Erth           26%        3d14*     22%         5
 Brom's Barrelling Bould  Conj/Erth      37%        2d6       24%         4
 Leda's Liquefaction      Alch/Erth      18%        N/A       24%         4
 Petrify                  Alch/Erth      37%        N/A       24%         4
 Vhi's Electric Charge    Tloc/Air       72%        N/A       26%         4
 Anguish                  Hex/Necr       16%        N/A       32%         4
 Summon Mana Viper        Hex/Summ       42%        N/A       43%         5
 Cause Fear               Hex            10%        N/A       56%         4
 Ignite Poison            Fire/Alch      21%        N/A       56%         4
 Olgreb's Toxic Radiance  Alch           21%        N/A       56%         4
 Passage of Golubria      Tloc           21%        N/A       56%         4
 Arcjolt                  Conj/Air       18%        1d28      56%         5
 Silence                  Hex/Air        18%        N/A       56%         5
 Fireball                 Conj/Fire      10%        3d6       89%         5
 Irradiate                Conj/Alch      10%        3d15      89%         5
 Iskenderun's Battlesphe  Conj           21%        2d7       89%         5
 Yara's Violent Unravell  Hex/Alch       10%        3d6       89%         5
 Death Channel            Necr           22%        N/A       92%         6
 Bombard                  Conj/Erth      18%        9d4       98%         6
 Conjure Ball Lightning   Conj/Air       18%        3x3d6     98%         6
 Monstrous Menagerie      Summ           29%        N/A       98%         7
 Summon Hydra             Summ           29%        N/A       98%         7
 Eringya's Noxious Bog    Alch           10%        4d6       100%        6
 Enfeeble                 Hex            10%        N/A       100%        7
 Haunt                    Necr/Summ      26%        N/A       100%        7
 Orb of Destruction       Conj           10%        9d6       100%        7
 Ozocubu's Refrigeration  Ice            10%        4d9       100%        7
 Spellforged Servitor     Conj/Summ      21%        N/A       100%        7
 Borgnjor's Revivificati  Necr           22%        N/A       100%        8
 Discord                  Hex            10%        N/A       100%        8
 Lehudib's Crystal Spear  Conj/Erth      18%        10d6      100%        8
 Maxwell's Capacitive Co  Air            25%        ∞         100%        8
 Death's Door             Necr           22%        N/A       100%        9
 Dragon's Call            Summ           29%        N/A       100%        9


Dungeon Overview and Level Annotations

Branches:
Dungeon (15/15)            Temple (1/1) D:4            Lair (5/5) D:9
 Shoals (4/4) Lair:2       Spider (4/4) Lair:2        Slime (5/5) Lair:4
    Orc (2/2) D:12            Elf (0/3) Orc:2        Vaults (0/5) D:14
 Depths (0/4) D:15        Ossuary (visited)           IceCv (visited)
Gauntlet (visited)

Altars:
Ashenzari
Cheibriados
Dithmenos
Fedhas
Gozag
Hepliaklqana
Kikubaaqudgha
Makhleb
Nemelex Xobeh
Okawaru
Qazlal
Ru
Sif Muna
Trog
Uskayaw
Vehumet
Wu Jian
Xom
Yredelemnul
Jiyva

Shops:
Orc:2 (:[*[!:*

Annotations:
D:5 3 runed translucent doors, Armakuni's ghost, novice DEGl
D:9 1 runed translucent door
Temple 2 transporters
Lair:3 3 runed translucent doors, Deesahac's ghost, journeyman BaFi
Lair:4 3 runed translucent doors, Kyusiynim's ghost, journeyman GnEn
Slime:5 Royal Jelly


Innate Abilities, Weirdness & Mutations

You have claws for hands.
You are completely covered in large bone plates. (SH +8)
You may rarely emit foul miasma when damaged in melee.
Your magical and physical power is slightly enhanced at high health.
Spells you cast and wands you use may paralyse nearby enemies.
You have razor-sharp toenails.
Your mind is acute. (Int +4, Str/Dex -1)
You have an increased reservoir of magic. (+10% MP)
You are strong-willed. (Will+)
You passively map a small area around you.
Your system is resistant to poisons. (rPois)
Your muscles are very strong. (Str +8, Int/Dex -2)
Armour fits poorly on your pseudopods.
You have a small jelly attached to you that senses nearby items.


Message History

You resist with almost no effort.
The merfolk impaler completely misses you.
You block the merfolk impaler's attack. The sea snake closely misses you.
Clouds condense from the air!
The condenser dries out!
You block the merfolk impaler's attack. The merfolk impaler barely misses you.
The kraken squirts a massive cloud of ink into the water!
The sea snake bites you.
You are poisoned.
The sea snake poisons you!
The merfolk avatar chants a haunting song.
You resist with some effort.
The merfolk impaler hits you from afar with a +3 trident of protection.
The merfolk impaler hits you from afar with a +0 trident of flaming!
The merfolk impaler burns you.
You closely miss the sea snake. You bludgeon the sea snake.
The sea snake is severely wounded.
You feel extremely sick.
Tentacles burst out of the water!
You block the sea snake's attack.
The merfolk impaler hits you from afar with a +3 trident of protection!
* * * LOW HITPOINT WARNING * * *
You block the merfolk impaler's attack.
The merfolk avatar chants a haunting song.
You resist with almost no effort. 2 tentacles come into view.
You feel extremely sick. The merfolk impaler closely misses you.
The sea snake attacks as it pursues you!
You block the sea snake's attack.
A tentacle rises from the water!
The merfolk impaler hits you from afar with a +0 trident of flaming!
* * * LOW HITPOINT WARNING * * *
The merfolk impaler burns you.
* * * LOW HITPOINT WARNING * * *
A tentacle comes into view.
You feel better.
Your lightning spire disappears in a puff of smoke!
The tentacle barely misses you. The sea snake bites you!
* * * LOW HITPOINT WARNING * * *
A tentacle segment bursts forth from the water.
You block the merfolk impaler's attack. The tentacle slaps you!!
You die...

.~................~~~≈≈≈≈≈~
~
........~#######..~~~~≈≈≈≈
.......~##≈§§≈≈##.~~~~≈≈≈≈
#......## *~...§##~~~~≈≈≈≈
~ #.....~#
*∆~§≈m.§#~~~~≈≈≈≈ .....~~#
~≈≈#k§#~~~~≈≈≈≈~ ~
....~~~#≈~ ##mwm#.~~~≈≈≈≈
~~~~~ #≈~≈≈#X─#§#.~~~≈≈≈≈ ~
~~~~ ~~#§mwS@#..~~≈≈≈≈ ~
~~~≈ #~~~§#~w#...§§≈≈≈≈ ~~~
##~~§§§#....§§≈≈≈≈ ~ ~~≈
######~~§§§≈§≈≈≈≈ ≈≈≈ ~
≈≈~~~≈§§≈§≈≈≈ ≈≈≈
≈≈≈≈≈≈≈§§≈≈≈≈≈≈ ~ ≈≈ ~
≈≈≈≈≈≈≈≈≈≈≈≈≈≈≈≈ ≈≈
≈≈≈≈≈≈≈≈≈≈≈≈≈≈≈≈ ~ ≈~~
≈≈≈≈≈≈≈≈≈≈≈≈≈≈≈≈


You could see a kraken, a merfolk avatar, 2 merfolk impalers, a sea snake, a
wind drake (repels missiles) and 3 tentacles.

Vanquished Creatures
  Rupert (Lair:4)
  Polyphemus (Shoals:3)
  The ghost of bl3nd3r the Brawler, an adept TrFi of Wu Jian (Shoals:1)
  Kirke (D:13)
  Aizul (Spider:3)
  3 ghost moths
  7 emperor scorpions
  A reaper (IceCv)
  3 broodmothers (Spider:1)
  An orc warlord (Orc:2)
  A minotaur (Gauntlet)
  6 spark wasps
  A merfolk javelineer (Shoals:4)
  Snorg (Orc:1)
  5 merfolk impalers
  8 entropy weavers
  An entropy weaver (shapeshifter) (D:13)
  2 spectral krakens (Shoals:4)
  4 vault guards (D:14)
  4 hydras
  Erolcha (D:9)
  A jorogumo (Spider:1)
  An alligator snapping turtle (Shoals:2)
  2 ghost crabs (Shoals:4)
  10 boulder beetles
  6 centaur warriors
  5 radroaches
  3 satyrs
  A merfolk aquamancer (Shoals:4)
  A merfolk avatar (Lair:5)
  2 demonic crawlers
  6 death yaks
  3 tengu warriors
  3 orc high priests (Orc:2)
  Sonja (Orc:1)
  A wretched star (Gauntlet)
  4 skysharks
  3 skeletal warriors (D:14)
  A fire crab (Gauntlet)
  7 pharaoh ants
  10 sea snakes
  5 orb spiders
  A bog body (IceCv)
  An obsidian statue (IceCv)
  2 orange crystal statues
  2 spriggan simulacra (IceCv)
  2 deep elf pyromancers
  A lindwurm (Lair:5)
  5 orc knights
  5 steelbarb worms
  4 harpies (Shoals:2)
  Maurice (D:8)
  4 orc sorcerers
  18 wolf spiders
  6 ugly things
  8 cyclopes
  3 moths of wrath
  3 meliai (Spider:4)
  13 manticores
  6 fauns
  A kobold blastminer (Orc:1)
  7 merfolk sirens
  2 water nymphs
  12 elephants
  A black mamba (Lair:2)
  A guardian serpent (shapeshifter) (D:15)
  A gargoyle (D:13)
  Joseph (D:8)
  4 torpor snails
  7 cane toads
  7 rime drakes
  7 freezing wraiths (IceCv)
  8 komodo dragons
  Maggie (Lair:2)
  An anaconda simulacrum (IceCv)
  3 tengu conjurers
  3 ice devils (IceCv)
  3 efreet
  A spectral water nymph (Shoals:4)
  2 trolls
  4 hornets
  20 merfolk
  20 tarantellas
  4 polar bears
  2 wind drakes
  Grinder (D:5)
  Prince Ribbit (D:8)
  12 blink frogs
  4 snapping turtles
  An alligator simulacrum (IceCv)
  5 dream sheep (Lair:5)
  A spectral merfolk (Shoals:4)
  A centaur simulacrum (Gauntlet)
  26 jumping spiders
  2 shadows (D:12)
  A wraith (D:11)
  30 culicivoras
  A spriggan (shapeshifter) (D:15)
  5 wyverns
  28 yaks
  A vampire (D:12)
  4 water elementals
  A human (D:13)
  2 fire bats (Gauntlet)
  3 hogs (D:13)
  69 redbacks
  2 steam dragons (D:8)
  7 vampire mosquitoes
  4 basilisks
  3 wargs
  3 minotaur simulacra (IceCv)
  Edmund (D:6)
  A swamp worm (D:8)
  An acid dragon (D:13)
  12 water moccasins
  2 sky beasts
  24 orc warriors
  3 black bears
  An ice dragon simulacrum (Gauntlet)
  3 ice beasts (D:9)
  A black bear (shapeshifter) (D:11)
  4 ogres
  6 wolves
  22 centaurs
  2 kobold brigands
  9 bullfrogs
  2 gnoll sergeants (D:8)
  7 scorpions
  4 deep troll simulacra (IceCv)
  4 wights (D:6)
  A water moccasin zombie (D:4)
  2 lindwurm simulacra (IceCv)
  2 howler monkeys
  2 electric eels (Lair:2)
  2 bombardier beetles (D:5)
  A jelly (D:6)
  Crazy Yiuf (D:4)
  3 hounds
  17 orc priests
  3 sleepcaps
  A scorpion zombie (D:4)
  3 iguanas
  4 hell rats (Lair:5)
  25 orc wizards
  2 nameless horrors (Spider:2)
  2 hound zombies (D:4)
  2 mummies
  7 adders
  10 gnolls
  2 shadow imps
  2 ufetubi (D:6)
  An adder zombie (D:4)
  2 dart slugs
  A ribbon worm (D:2)
  44 orcs
  5 ball pythons
  3 endoplasms
  3 giant cockroaches
  4 goblins
  5 hobgoblins
  7 kobolds
  2 quokkas
  4 bats
  A frilled lizard (D:2)
  A goblin zombie (Ossuary)
  2 jackal zombies (Ossuary)
  3 rats
  A butterfly (D:9)
  7 tentacles
855 creatures vanquished.

Vanquished Creatures (collateral kills)
  A kraken (Shoals:2)
  An emperor scorpion (Spider:4)
  Louise (Shoals:2)
  A reaper (IceCv)
  A merfolk impaler (Shoals:3)
  A merfolk javelineer (Shoals:4)
  A jorogumo (Spider:4)
  An entropy weaver (Spider:4)
  A ghost crab (Shoals:4)
  2 catoblepae
  A merfolk avatar (Shoals:4)
  A centaur warrior (D:14)
  Erica (D:11)
  A merfolk aquamancer (Shoals:2)
  3 boulder beetles
  An alligator snapping turtle (Shoals:4)
  A satyr (Shoals:4)
  A tengu warrior (D:15)
  A two-headed ogre (D:10)
  3 death yaks (Lair:4)
  A demonic crawler (Spider:3)
  Nergalle (Lair:2)
  A skyshark (Lair:5)
  A skeletal warrior (D:14)
  A pharaoh ant (Spider:4)
  3 orb spiders
  A sea snake (Shoals:2)
  A harpy (Shoals:2)
  An orc sorcerer (Orc:2)
  A wolf spider (Spider:1)
  4 fauns (Shoals:3)
  4 manticores
  An ugly thing (D:7)
  An elephant (Lair:5)
  A moth of wrath (Spider:4)
  A water nymph (Shoals:2)
  3 merfolk sirens
  3 torpor snails
  2 cane toads (Lair:5)
  An unseen horror (D:8)
  5 komodo dragons
  A rime drake (Lair:4)
  A spectral merfolk (Shoals:4)
  A spectral harpy (Shoals:4)
  A freezing wraith (IceCv)
  6 merfolk
  A hornet (Lair:5)
  A wolf spider simulacrum (Gauntlet)
  A tarantella (Spider:4)
  3 blink frogs
  A snapping turtle (Shoals:3)
  2 dream sheep (Lair:5)
  3 jumping spiders
  Sigmund (D:2)
  10 yaks
  3 culicivoras
  2 wyverns (Lair:2)
  5 basilisks
  A steam dragon (Lair:5)
  A vampire mosquito (D:10)
  6 redbacks
  A water moccasin (Lair:2)
  A nameless horror (Spider:4)
  4 ice beasts
  4 orc warriors (Orc:2)
  An ogre (D:6)
  A black bear (D:5)
  5 wolves
  A phantom (D:6)
  2 bullfrogs (Lair:2)
  A small abomination (Gauntlet)
  3 scorpions
  2 deep troll simulacra (IceCv)
  A gnoll bouda (D:8)
  A human zombie (Ossuary)
  7 orc priests
  An iguana (D:5)
  Natasha (D:2)
  Terence (D:2)
  7 orc wizards
  3 mummies (Ossuary)
  8 gnolls
  4 adders
  A white imp (D:6)
  An adder zombie (Ossuary)
  A dart slug (D:2)
  24 orcs
  An endoplasm (D:1)
  4 giant cockroaches
  3 goblins
  2 hobgoblins
  A quokka (D:1)
  A bat (D:2)
  A gnoll zombie (Ossuary)
  8 kobolds
  2 kobold zombies (Ossuary)
  2 orc zombies (Ossuary)
  2 rat zombies (Ossuary)
  4 butterflies (D:9)
  A tentacle (Shoals:2)
233 creatures vanquished.

Vanquished Creatures (others)
  Bai Suzhen (Shoals:3)
  A great orb of eyes (D:15)
  2 orc high priests (Orc:2)
  A demonic crawler (Spider:4)
  A steelbarb worm (Spider:4)
  A harpy (Lair:5)
  A wolf spider (Spider:4)
  A manticore (Shoals:3)
  A cyclops (D:13)
  A polar bear (Lair:5)
  A merfolk (Shoals:3)
  A troll (shapeshifter) (D:15)
  2 dream sheep (Lair:5)
  A jumping spider (Spider:2)
  5 slime creatures
  A wyvern (Lair:2)
  A golden eye (shapeshifter) (D:14)
  A basilisk (Lair:2)
  A black bear (shapeshifter) (D:13)
  3 centaurs (D:13)
  3 orc priests (Orc:2)
  94 jellies
  A hell rat (Lair:5)
  2 orc wizards (Orc:2)
  3 orcs
  16 tentacles
147 creatures vanquished.

Grand Total: 1235 creatures vanquished

Notes
Turn   | Place    | Note
-------+----------+-------------------------------------------
     0 | D:1      | Aviak the Demonspawn Summoner began the quest for the Orb.
     0 | D:1      | Reached XP level 1. HP: 13/13 MP: 3/3
   136 | D:1      | Gained mutation: You are partially covered in large bone
                  | plates. (SH +4) [demonic ancestry]
   136 | D:1      | Reached XP level 2. HP: 16/19 MP: 1/5
   202 | D:1      | Learned a level 2 spell: Call Imp
   489 | D:1      | Gained mutation: You have sharp fingernails. [demonic
                  | ancestry]
   489 | D:1      | Reached XP level 3. HP: 23/24 MP: 3/6
   840 | D:2      | Noticed Natasha
   853 | D:2      | Killed Natasha
   854 | D:2      | Reached XP level 4. HP: 19/30 MP: 5/8
  1215 | D:2      | Noticed Sigmund
  1252 | D:2      | Killed Sigmund
  1253 | D:2      | Reached skill level 5 in Summonings
  1253 | D:2      | Reached XP level 5. HP: 35/35 MP: 9/9
  1359 | D:2      | Noticed Terence
  1379 | D:2      | Killed Terence
  1380 | D:2      | Reached skill level 1 in Fighting
  1380 | D:2      | Gained mutation: Spells you cast may paralyse adjacent
                  | enemies. [demonic ancestry]
  1380 | D:2      | Reached XP level 6. HP: 30/43 MP: 10/10
  1763 | D:3      | Reached skill level 2 in Fighting
  2123 | D:4      | Reached skill level 3 in Fighting
  2292 | D:4      | Reached skill level 4 in Fighting
  2309 | D:4      | Reached XP level 7. HP: 14/55 MP: 11/11
  2644 | D:4      | Found a runed translucent door.
  2645 | D:4      | Noticed Crazy Yiuf
  2654 | D:4      | Killed Crazy Yiuf
  2658 | D:4      | Identified the +5 hammer of Baacki {antimagic, *Noise Fly
                  | rPois rF+++}
  2731 | D:4      | Found a staircase to the Ecumenical Temple.
  2752 | D:4      | Reached skill level 5 in Fighting
  2761 | Temple   | Found a transporter.
  2761 | Temple   | Found a transporter.
  2761 | Temple   | Found a transporter.
  2761 | Temple   | Found a transporter.
  2761 | Temple   | Entered the Ecumenical Temple
  2923 | D:4      | Found a basalt altar of Yredelemnul.
  3019 | D:4      | Learned a level 3 spell: Call Canine Familiar
  3195 | D:5      | Entered Level 5 of the Dungeon
  3219 | D:5      | Reached skill level 6 in Fighting
  3297 | D:5      | Found a sand-covered staircase.
  3310 | Ossuary  | Entered an ossuary
  3342 | Ossuary  | Reached skill level 7 in Fighting
  3342 | Ossuary  | Reached XP level 8. HP: 64/67 MP: 6/12
  3730 | D:5      | Found a runed translucent gate.
  3738 | D:5      | Noticed Grinder
  3741 | D:5      | Paralysed by Grinder for 5 turns
  3758 | D:5      | Killed Grinder
  3759 | D:5      | Reached skill level 1 in Short Blades
  3792 | D:5      | Found an ornate altar of the Wu Jian Council.
  3863 | D:5      | Found an iron altar of Okawaru.
  3865 | D:5      | Found a sacrificial altar of Ru.
  4031 | D:5      | Found a runed translucent gate.
  4031 | D:5      | Found a runed translucent gate.
  4031 | D:5      | Noticed Armakuni's ghost (novice DEGl)
  4205 | D:5      | Found an opulent altar of Gozag.
  4205 | D:5      | Found a blossoming altar of Fedhas.
  4206 | D:5      | Found a shimmering blue altar of Sif Muna.
  4908 | D:6      | Gained mutation: You may rarely emit foul miasma when
                  | damaged in melee. [demonic ancestry]
  4908 | D:6      | Reached XP level 9. HP: 72/72 MP: 15/15
  5107 | D:6      | Reached skill level 5 in Spellcasting
  5123 | D:6      | Learned a level 4 spell: Summon Lightning Spire
  5203 | D:6      | Reached skill level 1 in Evocations
  5212 | D:6      | Reached skill level 1 in Air Magic
  5499 | D:6      | Noticed Edmund
  5506 | D:6      | Killed Edmund
  5770 | D:7      | Reached skill level 8 in Fighting
  6271 | D:7      | Found a shadowy altar of Dithmenos.
  6329 | D:7      | Noticed a brown ugly thing
  6346 | D:7      | Killed a brown ugly thing
  6913 | D:8      | Noticed Joseph
  6955 | D:8      | Noticed Prince Ribbit
  6969 | D:8      | Killed Prince Ribbit
  6970 | D:8      | Gained mutation: You are mostly covered in large bone
                  | plates. (SH +6) [demonic ancestry]
  6970 | D:8      | Reached XP level 10. HP: 32/82 MP: 5/17
  6970 | D:8      | Killed Joseph
  6971 | D:8      | Reached skill level 9 in Fighting
  7182 | D:8      | Noticed Maurice
  7188 | D:8      | Gained mutation: Your system is resistant to poisons.
                  | (rPois) [potion of mutation]
  7188 | D:8      | Gained mutation: Your mind is acute. (Int +4, Str/Dex -1)
                  | [potion of mutation]
  7188 | D:8      | Maurice stole 502 gold
  7268 | D:8      | Something stole an amulet of faith {!P}
  7269 | D:8      | Something stole a +0 spear
  7272 | D:8      | Something stole a flux talisman
  7274 | D:8      | Something stole 4 throwing nets {!f}
  7624 | D:8      | Reached skill level 1 in Shields
  7624 | D:8      | Reached skill level 5 in Air Magic
  7917 | D:8      | Killed Maurice
  8252 | D:9      | Reached skill level 5 in Shields
  8496 | D:9      | Found a runed translucent door.
  8498 | D:9      | Found a runed translucent door.
  8522 | D:9      | Reached skill level 10 in Fighting
  8548 | D:9      | Identified 2 scrolls of acquirement
  8551 | D:9      | Acquired the dreamshard necklace {Acrobat *Dream}
  8551 | D:9      | Found the dreamshard necklace {Acrobat *Dream}
  8552 | D:9      | Acquired the +1 pair of boots of a ziggurat {rElec rPois
                  | Slay+3}
  8605 | D:9      | Gained mutation: Spells you cast may paralyse nearby
                  | enemies. [demonic ancestry]
  8605 | D:9      | Reached XP level 11. HP: 90/90 MP: 15/18
  8891 | D:9      | Learned a level 1 spell: Kiss of Death
  8968 | D:9      | Found a staircase to the Lair.
  9034 | D:9      | Found a shimmering altar of Xom.
  9084 | D:9      | Noticed Erolcha
  9097 | D:9      | Killed Erolcha
  9580 | D:10     | Entered Level 10 of the Dungeon
  9684 | D:10     | Found a radiant altar of Vehumet.
  9707 | D:10     | Noticed a boulder beetle
  9719 | D:10     | Killed a boulder beetle
  9720 | D:10     | Reached skill level 11 in Fighting
  9861 | D:10     | Noticed a two-headed ogre
  9884 | D:10     | Killed a two-headed ogre
 10093 | D:10     | Learned a level 3 spell: Fugue of the Fallen
 10290 | D:10     | Reached skill level 12 in Fighting
 10666 | Lair:1   | Entered Level 1 of the Lair of Beasts
 11338 | Lair:1   | Reached skill level 5 in Stealth
 11338 | Lair:1   | Gained mutation: You have very sharp fingernails. [demonic
                  | ancestry]
 11338 | Lair:1   | Reached XP level 12. HP: 61/103 MP: 11/19
 11340 | Lair:1   | Reached skill level 5 in Short Blades
 11883 | Lair:2   | Found a gate leading to a gauntlet.
 11911 | Lair:2   | Noticed a boulder beetle
 11921 | Gauntlet | Entered a Gauntlet
 11921 | Gauntlet | Found a transporter.
 12061 | Gauntlet | Found a transporter.
 12064 | Gauntlet | Found a transporter.
 12065 | Gauntlet | Found a transporter.
 12073 | Gauntlet | Found a transporter.
 12076 | Gauntlet | Found a transporter.
 12077 | Gauntlet | Found a transporter.
 12084 | Gauntlet | Noticed a tengu warrior
 12086 | Gauntlet | Found a transporter.
 12089 | Gauntlet | Found a transporter.
 12090 | Gauntlet | Found a transporter.
 12102 | Gauntlet | Found a transporter.
 12102 | Gauntlet | Found a transporter.
 12103 | Gauntlet | Found a transporter.
 12109 | Gauntlet | Found a runed translucent gate.
 12109 | Gauntlet | Found a runed translucent gate.
 12109 | Gauntlet | Found a runed translucent gate.
 12111 | Gauntlet | Found a transporter.
 12480 | Gauntlet | Killed a tengu warrior
 12550 | Gauntlet | Reached skill level 1 in Shapeshifting
 12810 | Gauntlet | Noticed a minotaur
 12816 | Gauntlet | Killed a minotaur
 12841 | Lair:2   | Reached skill level 13 in Fighting
 12843 | Lair:2   | Killed a boulder beetle
 12844 | Lair:2   | Reached skill level 5 in Dodging
 13085 | Lair:2   | Noticed Nergalle
 13117 | Lair:2   | Saved by the dreamshard amulet
 13122 | Lair:2   | Noticed an eight-headed hydra
 13138 | Lair:2   | Killed an eight-headed hydra
 13166 | Lair:2   | Noticed Maggie
 13321 | Lair:2   | Killed Maggie
 13424 | Lair:2   | Found a staircase to the Shoals.
 13457 | Lair:2   | Reached XP level 13. HP: 80/110 MP: 7/20
 13906 | Lair:2   | Found a hole to the Spider Nest.
 14063 | Lair:2   | Killed Nergalle
 14883 | Lair:3   | Found a runed translucent gate.
 14885 | Lair:3   | Found a runed translucent gate.
 14885 | Lair:3   | Noticed Deesahac's ghost (journeyman BaFi)
 14906 | Lair:3   | Found a runed translucent gate.
 15075 | Lair:3   | Found a runed translucent door.
 15840 | Lair:4   | Identified the +8 chain mail "Sytrak" {Str+4 Dex+2}
 16125 | Lair:4   | Found a viscous altar of Jiyva.
 16125 | Lair:4   | Found a staircase to the Slime Pits.
 16454 | Lair:4   | Noticed Rupert
 16462 | Lair:4   | Paralysed by Rupert for 2 turns
 16698 | Lair:4   | Found a runed translucent gate.
 16698 | Lair:4   | Found a runed translucent gate.
 16698 | Lair:4   | Found a runed translucent gate.
 16818 | Lair:4   | Acquired 1016 gold pieces
 16842 | Lair:4   | Paralysed by Rupert for 2 turns
 16854 | Lair:4   | HP: 5/111 [Rupert/+3 battleaxe of freezing (3)]
 17143 | Lair:4   | Killed Rupert
 17596 | Lair:4   | Noticed Kyusiynim's ghost (journeyman GnEn)
 17627 | Lair:5   | Entered Level 5 of the Lair of Beasts
 17636 | Lair:5   | Identified the +7 broad axe "Vujuev" {flame, rPois}
 17722 | Lair:4   | Reached skill level 14 in Fighting
 17722 | Lair:4   | Reached skill level 1 in Axes
 18027 | Lair:5   | Reached XP level 14. HP: 108/120 MP: 18/21
 18153 | Lair:4   | Became a worshipper of Jiyva Jyrap the Shapeless
 18236 | Lair:4   | Reached skill level 5 in Axes
 18383 | Lair:5   | Noticed an azure jelly
 18576 | Lair:5   | Reached * piety under Jiyva
 19444 | D:11     | Noticed Erica
 19638 | D:11     | Reached ** piety under Jiyva
 19857 | D:11     | Killed Erica
 19971 | D:12     | Found a staircase to the Orcish Mines.
 20127 | D:12     | Reached *** piety under Jiyva
 20202 | D:12     | Lost mutation: Your system is resistant to poisons. (rPois)
                  | [Jiyva's grace]
 20202 | D:12     | Gained mutation: You passively map a small area around you.
                  | [Jiyva's grace]
 20202 | D:12     | Gained mutation: You passively map the area around you.
                  | [Jiyva's grace]
 20202 | D:12     | Gained mutation: You passively map a large area around you.
                  | [Jiyva's grace]
 20202 | D:12     | Gained mutation: Your system is resistant to poisons.
                  | (rPois) [Jiyva's grace]
 20326 | D:12     | Reached **** piety under Jiyva
 20444 | Orc:1    | Entered Level 1 of the Orcish Mines
 20508 | Orc:1    | Noticed Sonja
 20517 | Orc:1    | Killed Sonja
 20694 | Orc:1    | Noticed Snorg
 20709 | Orc:1    | Killed Snorg
 20879 | Orc:1    | Reached ***** piety under Jiyva
 20896 | Orc:2    | Entered Level 2 of the Orcish Mines
 20962 | Orc:2    | Found Detiost's General Store.
 20966 | Orc:2    | Found Muvuz's Distillery.
 20973 | Orc:2    | Bought a potion of magic for 104 gold pieces
 20973 | Orc:2    | Bought a potion of heal wounds for 65 gold pieces
 20973 | Orc:2    | Bought a potion of magic for 104 gold pieces
 20975 | Orc:2    | Found Moegourgh's Book Shop.
 20993 | Orc:2    | Found a staircase to the Elven Halls.
 21022 | Orc:2    | Bought a potion of heal wounds for 60 gold pieces
 21162 | Orc:2    | Found Ecaxog's Antique Armour Shoppe.
 21400 | Orc:2    | Paralysed by an orc sorcerer for 3 turns
 21516 | Orc:2    | Gained mutation: Spells you cast and wands you use may
                  | paralyse nearby enemies. [demonic ancestry]
 21516 | Orc:2    | Reached XP level 15. HP: 76/127 MP: 22/22
 21585 | Orc:2    | Found Jusus's General Store.
 21586 | Orc:2    | Found Wupietai's Book Emporium.
 21587 | Orc:2    | Found Duexew's Antique Armour Emporium.
 21587 | Orc:2    | Found Jong's Antique Weapon Shoppe.
 21592 | Orc:2    | Bought a warped broad axe for 243 gold pieces
 21592 | Orc:2    | Identified the +5 broad axe of Eternal Vigilance {heavy,
                  | Dex+3} (You bought it in a shop on level 2 of the Orcish
                  | Mines)
 21593 | Orc:2    | Bought a spiked scale mail for 297 gold pieces
 21593 | Orc:2    | Identified the +1 scale mail of Tuonuh {rPois rF++ Str-3
                  | Int+3} (You bought it in a shop on level 2 of the Orcish
                  | Mines)
 21613 | Orc:2    | Bought a potion of heal wounds for 75 gold pieces
 21613 | Orc:2    | Bought a scroll of enchant weapon for 112 gold pieces
 21614 | Orc:2    | Bought a book of Unlife for 648 gold pieces
 21708 | Orc:2    | Gained mutation: Your flesh is heat resistant. (rF+)
                  | [Jiyva's grace]
 21708 | Orc:2    | Gained mutation: Your flesh is very heat resistant. (rF++)
                  | [Jiyva's grace]
 21708 | Orc:2    | Gained mutation: Your flesh is almost immune to the effects
                  | of heat. (rF+++) [Jiyva's grace]
 21708 | Orc:2    | Gained mutation: You are covered in slimy tendrils that may
                  | disarm your opponents. [Jiyva's grace]
 21712 | Orc:2    | Paralysed by an orc sorcerer for 2 turns
 21890 | D:13     | Reached skill level 1 in Armour
 21931 | D:13     | Reached skill level 15 in Fighting
 21955 | D:13     | Noticed Kirke
 21966 | D:13     | Killed Kirke
 22551 | D:14     | Reached ****** piety under Jiyva
 22603 | D:14     | Reached skill level 10 in Axes
 22905 | D:14     | Found a gate to the Vaults.
 23211 | D:14     | Lost mutation: Your flesh is almost immune to the effects
                  | of heat. (rF+++) [Jiyva's grace]
 23211 | D:14     | Gained mutation: You have acidic saliva. [Jiyva's grace]
 23211 | D:14     | Gained mutation: Your melee attacks may engulf your foes in
                  | ooze. [Jiyva's grace]
 23211 | D:14     | Gained mutation: You possess an exceptional clarity of
                  | mind. [Jiyva's grace]
 23211 | D:14     | Gained mutation: You have an increased reservoir of magic.
                  | (+10% MP) [Jiyva's grace]
 23292 | D:15     | Entered Level 15 of the Dungeon
 23475 | D:15     | Found a staircase to the Depths.
 23660 | D:15     | Reached skill level 5 in Armour
 24148 | Spider:1 | Entered Level 1 of the Spider Nest
 24300 | Spider:1 | Reached skill level 16 in Fighting
 24445 | Spider:2 | Gained mutation: You are completely covered in large bone
                  | plates. (SH +8) [demonic ancestry]
 24445 | Spider:2 | Reached XP level 16. HP: 137/138 MP: 26/26
 25482 | Spider:2 | Lost mutation: You possess an exceptional clarity of mind.
                  | [Jiyva's grace]
 25482 | Spider:2 | Lost mutation: Your flesh is very heat resistant. (rF++)
                  | [Jiyva's grace]
 25482 | Spider:2 | Lost mutation: Your flesh is heat resistant. (rF+) [Jiyva's
                  | grace]
 25482 | Spider:2 | Lost mutation: You passively map a large area around you.
                  | [Jiyva's grace]
 25482 | Spider:2 | Lost mutation: You have acidic saliva. [Jiyva's grace]
 25482 | Spider:2 | Lost mutation: You are covered in slimy tendrils that may
                  | disarm your opponents. [Jiyva's grace]
 25482 | Spider:2 | Gained mutation: Armour fits poorly on your pseudopods.
                  | [Jiyva's grace]
 25482 | Spider:2 | Gained mutation: Armour fits poorly on your large
                  | pseudopods. [Jiyva's grace]
 25482 | Spider:2 | Gained mutation: Armour fits poorly on your massive
                  | pseudopods. [Jiyva's grace]
 25482 | Spider:2 | Gained mutation: Your mind is very acute. (Int +8, Str/Dex
                  | -2) [Jiyva's grace]
 26340 | Spider:3 | Acquired a manual of Spellcasting
 26642 | Spider:3 | Identified the serpent talisman "Lecrodgh" {rC+ rCorr Str+3
                  | SInv}
 26642 | Spider:3 | Noticed Aizul
 26660 | Spider:3 | Killed Aizul
 27078 | Spider:4 | Entered Level 4 of the Spider Nest
 27496 | Spider:4 | Gained mutation: Your magical and physical power is
                  | slightly enhanced at high health. [demonic ancestry]
 27496 | Spider:4 | Reached XP level 17. HP: 108/143 MP: 31/31
 27708 | Spider:4 | Reached skill level 10 in Armour
 27858 | Spider:4 | Lost mutation: Armour fits poorly on your massive
                  | pseudopods. [mutagenic glow]
 27960 | Spider:4 | Reached skill level 10 in Spellcasting
 28015 | Spider:4 | Lost mutation: You passively map the area around you.
                  | [Jiyva's grace]
 28015 | Spider:4 | Lost mutation: Your melee attacks may engulf your foes in
                  | ooze. [Jiyva's grace]
 28015 | Spider:4 | Gained mutation: You are strong-willed. (Will+) [Jiyva's
                  | grace]
 28015 | Spider:4 | Gained mutation: You are highly strong-willed. (Will++)
                  | [Jiyva's grace]
 28015 | Spider:4 | Gained mutation: You are extremely strong-willed. (Will+++)
                  | [Jiyva's grace]
 28015 | Spider:4 | Gained mutation: You have a small jelly attached to you
                  | that senses nearby items. [Jiyva's grace]
 28285 | Spider:4 | Learned a level 5 spell: Borgnjor's Vile Clutch
 28330 | Spider:4 | Got a gossamer rune of Zot
 28459 | Spider:4 | Reached skill level 1 in Earth Magic
 28606 | Shoals:1 | Entered Level 1 of the Shoals
 28641 | Shoals:1 | Found a runed translucent door.
 28649 | Shoals:1 | Noticed bl3nd3r's ghost (adept TrFi)
 28692 | Shoals:1 | Killed bl3nd3r's ghost
 29006 | Slime:1  | Entered Level 1 of the Pits of Slime
 29040 | Slime:4  | Noticed an acid blob
 29043 | Slime:5  | Entered Level 5 of the Pits of Slime
 29068 | Slime:5  | Found a viscous altar of Jiyva.
 29068 | Slime:5  | Noticed an acid blob
 29068 | Slime:5  | Noticed an acid blob
 29069 | Slime:5  | Noticed the Royal Jelly
 29070 | Slime:5  | Noticed an acid blob
 29070 | Slime:5  | Noticed an acid blob
 29070 | Slime:5  | Noticed an acid blob
 29072 | Slime:5  | Noticed an acid blob
 29081 | Slime:5  | Got a starry gem with 527 turns to spare
 29084 | Slime:5  | Got a slimy rune of Zot
 29085 | Slime:5  | Identified the +9 spear of Boluv {freeze, rPois}
 29094 | Slime:5  | Identified the +0 scale mail "Jess" {Fly rElec}
 29364 | Shoals:1 | You fall into a shaft and drop 1 floor!
 29364 | Shoals:2 | Found a glacial archway.
 29370 | IceCv    | Entered an ice cave
 30038 | Shoals:2 | Noticed Louise
 30075 | Shoals:2 | Killed Louise
 30231 | Shoals:2 | Noticed a kraken
 30244 | Shoals:2 | Killed a kraken
 30469 | Shoals:3 | Lost mutation: Your mind is very acute. (Int +8, Str/Dex
                  | -2) [Jiyva's grace]
 30469 | Shoals:3 | Lost mutation: You are extremely strong-willed. (Will+++)
                  | [Jiyva's grace]
 30469 | Shoals:3 | Lost mutation: You are highly strong-willed. (Will++)
                  | [Jiyva's grace]
 30469 | Shoals:3 | Lost mutation: Armour fits poorly on your large pseudopods.
                  | [Jiyva's grace]
 30469 | Shoals:3 | Gained mutation: Your muscles are strong. (Str +4, Int/Dex
                  | -1) [Jiyva's grace]
 30469 | Shoals:3 | Gained mutation: Your muscles are very strong. (Str +8,
                  | Int/Dex -2) [Jiyva's grace]
 30469 | Shoals:3 | Gained mutation: You have sharp toenails. [Jiyva's grace]
 30469 | Shoals:3 | Gained mutation: You have razor-sharp toenails. [Jiyva's
                  | grace]
 30472 | Shoals:3 | Noticed Polyphemus
 30579 | Shoals:3 | Killed Polyphemus
 30580 | Shoals:3 | Gained mutation: You have claws for hands. [demonic
                  | ancestry]
 30580 | Shoals:3 | Reached XP level 18. HP: 111/151 MP: 37/37
 30708 | Shoals:3 | Noticed Ilsuiw
 30732 | Shoals:3 | HP: 5/151 [something (9)]
 30733 | Shoals:3 | Noticed Bai Suzhen
 30831 | Shoals:3 | Slimified Ilsuiw
 30831 | Shoals:3 | Ilsuiw changed into Ilsuiw the azure jelly
 30831 | Shoals:3 | Noticed Ilsuiw
 30847 | Shoals:3 | Killed Bai Suzhen
 30848 | Shoals:3 | Reached skill level 5 in Earth Magic
 30890 | Shoals:3 | Reached skill level 15 in Axes
 31410 | Shoals:3 | HP: 6/151 [satyr/arrow (34)]
 31503 | Shoals:4 | Entered Level 4 of the Shoals
 31636 | Shoals:4 | Identified the amulet "Fablifeng" {RegenMP Int+3}
 31890 | Shoals:4 | Got Uwno's Compilation of Toxicity
 32056 | Shoals:4 | Slain by a tentacle

Illustrated notes

Levels and vault maps discovered:
D:1:      ncdulo_watergridlock, layout_rooms, hex_large
D:2:      layout_loops_ring, uniq_terence, uniq_natasha, uniq_sigmund
D:3:      layout_rooms, minmay_misc_feat_diagonals, grunt_ministairs_9
D:4:      layout_rooms, nicolae_yredelemnul_corpse_copse,
          minmay_temple_entry_statues, minmay_misc_feat_square,
          uniq_crazy_yiuf_cottage
D:5:      layout_basic, minitemple, mainiacjoe_overflow_catwalk_spiral,
          gup_ossuary_entry_pyramid, gammafunk_ghost_nasty_kobolds, uniq_grinder
D:6:      layout_loops_ring, nicolae_hexahallways, uniq_edmund
D:7:      layout_cave_pods, elyvilon_altar_1, marbit_many_paths
D:8:      layout_loops_ring, serial_park_tiny_2, grunt_ministairs_15,
          worms_lemuel, uniq_joseph, uniq_maurice, uniq_prince_ribbit1
D:9:      lemuel_insect_pit, layout_stronghold, xom_teletrap_fun,
          hellmonk_lair_entry_icy, uniq_erolcha
D:10:     layout_basic, fiery_altar_vehumet
D:11:     layout_rooms, uniq_erica
D:12:     layout_basic, david_orc_3
D:13:     layout_loops_cross, kennysheep_generic_room_13, uniq_kirke
D:14:     layout_small_grid, lightli_vaults_fourway_checkpoint,
          infiniplex_staircase_diamond, kennysheep_generic_room_16
D:15:     gammafunk_enter_depths_forms, layout_basic, nicolae_the_louvre,
          minivault_16
Temple:   hellmonk_temple_divided_pantheon
Lair:1:   layout_regular_city, beast_lair_carwin_10
Lair:2:   layout_gridlike, minmay_shoals_entry_beasts, spider_nest_entry_webs,
          gauntlet_entry_generic, pdpol_lair_cavern_descent, uniq_nergalle,
          uniq_maggie
Lair:3:   layout_misc_corridors, gammafunk_ghost_split, pf_torpor_hydra
Lair:4:   layout_regular_city, slime_entry_1, gammafunk_ghost_necromancy,
          grunt_megastairs_4, serial_bayou_shore_a, serial_bayou_shore_b,
          lemuel_fruit_tree, uniq_rupert
Lair:5:   gammafunk_lair_ancient_temple, layout_hall_layers,
          grunt_forest_stairs_basic, minmay_stone_trees_small,
          nicolae_lair_time_for_slime
Shoals:1: layout_shoals, ebering_ghost_inner_flame
Shoals:2: layout_shoals, portal_ice_cave_entry_pillars_three, uniq_louise
Shoals:3: layout_shoals, uniq_bai_suzhen, uniq_polyphemus, uniq_ilsuiw
Shoals:4: shoals_end_hangedman, layout_shoals, shoals_ilsuiw_alternative,
          nicolae_shoals_spectral_cove, uniq_roxanne
Spider:1: nicolae_spider_brood_tunnel
Spider:2: layout_chambers
Spider:3: layout_spider_delve, uniq_aizul
Spider:4: grunt_spider_rune_parallel, nicolae_spider_shape
Slime:1:  layout_caves
Slime:2:  layout_caves
Slime:3:  layout_caves
Slime:4:  layout_caves, nicolae_slime_crime_time
Slime:5:  slime_pit
Orc:1:    layout_caves, uniq_sonja, uniq_snorg
Orc:2:    st_orc_congregation, layout_diamond_mine, serial_shops,
          nicolae_shop_tiny_statue_garden, shop, shop, shop

Skill      XL: |  1  2  3  4  5  6  7  8  9 10 11 12 13 14 15 16 17 18 |
---------------+-------------------------------------------------------+-----
Dodging        | 2 4 6 8 9 |  9.3
Spellcasting   | 3 4 5 7 12 14 | 14.0
Summonings     | 5 6 7 |  7.0
Fighting       | 1 4 7 8 10 12 13 14 16 | 16.0
Short Blades   | 4 6 7 |  7.7
Stealth        | 4 5 8 |  8.0
Evocations     | 4 |  4.0
Air Magic      | 4 5 |  5.0
Shields        | 5 6 8 |  8.0
Necromancy     | 3 |  3.8
Shapeshifting  | 2 |  2.0
Axes           | 3 9 11 13 14 15 | 15.6
Armour         | 6 9 10 | 10.0
Earth Magic    | 4 5 |  5.3

Action                     |  1- 3 |  4- 6 |  7- 9 | 10-12 | 13-15 | 16-18 || total
---------------------------+-------+-------+-------+-------+-------+-------++-------
  Melee: Spear             |    69 |    24 |       |       |       |       ||    93
         Unarmed           |     5 |       |       |       |       |       ||     5
         Punch             |     1 |     3 |     9 |       |       |       ||    13
         Dagger            |       |   189 |   409 |   525 |   341 |       ||  1464
         Broad axe         |       |       |       |       |   736 |   985 ||  1721
         Bite              |       |       |       |       |    27 |    24 ||    51
         Pseudopods        |       |       |       |       |       |   242 ||   242
   Cast: Summon Small Mamm |     5 |    11 |    25 |    18 |     5 |       ||    64
         Call Imp          |     9 |    20 |    46 |    67 |   110 |    52 ||   304
         Call Canine Famil |       |       |    15 |    27 |    15 |     3 ||    60
         Summon Lightning  |       |       |       |    18 |    63 |    68 ||   149
         Fugue of the Fall |       |       |       |     2 |    10 |    13 ||    25
         Kiss of Death     |       |       |       |     1 |     1 |     3 ||     5
 Invoke: Slimify           |       |       |       |       |       |     1 ||     1
         Oozemancy         |       |       |       |       |       |     1 ||     1
  Evoke: Wand              |       |       |     5 |     9 |    11 |    19 ||    44
         Condenser vane    |       |       |       |     1 |     2 |     3 ||     6
         Lightning rod     |       |       |       |       |       |     8 ||     8
         Phantom mirror    |       |       |       |       |       |     1 ||     1
    Use: Scroll            |       |       |     1 |    13 |    12 |    10 ||    36
         Potion            |       |       |     1 |     6 |     3 |    19 ||    29
   Stab: Sleeping          |     1 |     3 |    13 |     4 |    20 |     1 ||    42
         Distracted        |     1 |       |     4 |     4 |    20 |    12 ||    41
         Paralysed         |       |    14 |    59 |   105 |   128 |    97 ||   403
         Petrified         |       |       |       |     3 |     5 |     7 ||    15
         Petrifying        |       |       |       |       |     1 |       ||     1
         Held in net/web   |       |       |       |       |       |     1 ||     1
         Fleeing           |       |       |       |       |       |     1 ||     1
 Armour: Robe              |    36 |    60 |   161 |   193 |       |       ||   450
         Skin              |       |       |     6 |       |       |       ||     6
         Leather armour    |       |       |       |    53 |   380 |       ||   433
         Scale mail        |       |       |       |       |   350 |  1089 ||  1439
  Dodge: Dodged            |    44 |    96 |   108 |   186 |   601 |   522 ||  1557
  Block: Other             |     5 |    23 |    36 |    13 |       |       ||    77
         Buckler           |       |       |       |   173 |   794 |   918 ||  1885
